 Dungeon Crawl Stone Soup version 0.25.1-1-g288607f5aa (webtiles) character file.

Game seed: 4010316746107379448

1073 UnDebs the Cleaver (level 8, -1/96 HPs)
             Began as a Hill Orc Fighter on July 19, 2020.
             Was a Follower of Makhleb.
             Succumbed to a scorpion's poison
             ... on level 5 of the Dungeon.
             The game lasted 00:16:00 (4170 turns).

UnDebs the Cleaver (Hill Orc Fighter)               Turns: 4170, Time: 00:16:01

Health: -1/96      AC: 28    Str: 20    XL:     8   Next: 28%
Magic:  12/12      EV:  2    Int:  8    God:    Makhleb [*.....]
Gold:   233        SH:  0    Dex: 11    Spells: 9/12 levels left

rFire    . . .     SeeInvis .   a - +0 war axe
rCold    + . .     Gourm    .   (no shield)
rNeg     + + +     Faith    .   (armour currently unavailable)
rPois    +         Spirit   .   (helmet currently unavailable)
rElec    .         Reflect  .   (cloak currently unavailable)
rCorr    .         Harm     .   (gloves currently unavailable)
MR       .....     NoTele   +   (boots currently unavailable)
Stlth    +.........             l - amulet of the acrobat
HPRegen  0.26/turn              w - +4 ring of protection
MPRegen  0.13/turn              r - ring of protection from cold

@: brilliant, lethally poisoned (-1 -> -15), tree-form, acrobat
A: no striking features
a: Renounce Religion


You were on level 5 of the Dungeon.
You worshipped Makhleb.
Makhleb was aware of your devotion.
You were not hungry.
You were a tree.
You visited 1 branch of the dungeon, and saw 5 of its levels.

You collected 233 gold pieces.

Inventory:

Hand Weapons
 a - a +0 war axe (weapon)
 b - a +0 hunting sling
Missiles
 j - 14 poisoned darts (quivered)
 u - 111 stones
 v - 55 sling bullets
Armour
 c - a +0 kite shield
 n - a +0 pair of boots (melded)
 t - a +0 scale mail (melded)
Jewellery
 l - an amulet of the acrobat (around neck)
 r - a ring of protection from cold (right branch)
 w - a +4 ring of protection (left branch)
Wands
 q - a wand of polymorph (5)
 s - a wand of paralysis (10)
Scrolls
 g - 3 scrolls of identify
 h - a scroll of remove curse
 i - a scroll of blinking
Potions
 d - a potion of might
 e - a potion of invisibility
 k - 2 potions of mutation
 m - 3 potions of flight
 p - 2 potions of stabbing
Comestibles
 f - 3 rations
 x - a chunk of flesh


   Skills:
 - Level 3.6 Fighting
 + Level 9.1 Axes
 - Level 3.2 Armour
 - Level 3.2 Shields
 * Level 2.9 Spellcasting
 * Level 3.8 Hexes
 - Level 4.0 Invocations


You had 9 spell levels left.
You knew the following spells:

 Your Spells              Type           Power        Failure   Level  Hunger
a - Confusing Touch       Hex            ##......     21%         3    None

Your spell library contained the following spells:

 Spells                   Type           Power        Failure   Level  Hunger
 Gell's Gravitas          Tloc           #.........   69%         3    None
 Petrify                  Tmut/Erth      #.......     97%         4    None
 Metabolic Englaciation   Hex/Ice        #.........   99%         5    None
 Yara's Violent Unravell  Hex/Tmut       #.........   99%         5    None


Dungeon Overview and Level Annotations

Branches:
Dungeon (5/15)
 Temple: D:4-7

Altars:
Makhleb
Sif Muna
Trog
The Shining One

Shops:
D:4 *


Message History

Your roots penetrate the ground.
* * * LOW HITPOINT WARNING * * *
You feel sick.
There are no items here.
There are no items here.
There are no items here.
There are no items here.
There are no items here.
There are no items here.
There are no items here.
There are no items here.
There are no items here.
There are no items here.
* * * LOW HITPOINT WARNING * * *
You feel sick.
* * * LOW HITPOINT WARNING * * *
You feel sick.
* * * LOW HITPOINT WARNING * * *
You feel sick.
You die...

#.........######.# ..
#..........# #.# #.#
#..........# #.## ..#
#..........#####..##.#
#.............>......#
##.......###.#####÷.#####
##.....####.....##......
#........##......#.#.
#..(♣.†.###......._..
#.....†## #......#.##
#......# #........#
#......# #........#
#......# ##########
#....... #...)..##
#......#


There were no monsters in sight!

Vanquished Creatures
  Eustachio (D:4)
  A hungry ghost (D:3)
  Menkaure (D:4)
  An ogre (D:4)
  2 phantoms
  A scorpion (D:5)
  3 crimson imps (D:5)
  A hound (D:4)
  2 jellies
  A centaur skeleton (D:4)
  A killer bee zombie (D:5)
  7 adders
  2 oozes
  3 dart slugs
  4 leopard geckos
  An orc (D:3)
  8 bats
  3 giant cockroaches
  4 goblins
  7 hobgoblins
  8 jackals
  6 kobolds
  6 quokkas
  4 frilled lizards
  9 rats
87 creatures vanquished.

Notes
Turn   | Place    | Note
-------+----------+-------------------------------------------
     0 | D:1      | UnDebs the Hill Orc Fighter began the quest for the Orb.
     0 | D:1      | Reached XP level 1. HP: 19/19 MP: 1/1
    26 | D:1      | Reached skill level 3 in Axes
    91 | D:1      | Reached XP level 2. HP: 22/26 MP: 2/2
   148 | D:1      | Reached skill level 4 in Axes
   441 | D:1      | Reached XP level 3. HP: 31/31 MP: 3/3
   785 | D:2      | Reached skill level 5 in Axes
  1172 | D:2      | Found a burning altar of Makhleb.
  1174 | D:2      | Noticed a green death
  1178 | D:2      | Noticed a smoke demon
  1178 | D:2      | Noticed a smoke demon
  1180 | D:2      | Became a worshipper of Makhleb the Destroyer
  1336 | D:2      | Reached XP level 4. HP: 31/39 MP: 4/4
  1342 | D:2      | Reached skill level 1 in Invocations
  1891 | D:3      | Found a faded altar of an unknown god.
  2012 | D:3      | Reached XP level 5. HP: 43/45 MP: 5/7
  2034 | D:3      | Noticed a hungry ghost
  2069 | D:3      | Killed a hungry ghost
  2069 | D:3      | Reached skill level 7 in Axes
  2069 | D:3      | Reached XP level 6. HP: 38/51 MP: 7/9
  2227 | D:3      | Reached * piety under Makhleb
  2565 | D:3      | Found a glowing golden altar of the Shining One.
  2833 | D:4      | Reached skill level 8 in Axes
  2840 | D:4      | Learned a level 3 spell: Confusing Touch
  3043 | D:4      | Noticed Menkaure
  3058 | D:4      | HP: 2/51 [Menkaure/nerve-wracking pain (11)]
  3059 | D:4      | Killed Menkaure
  3059 | D:4      | Reached skill level 1 in Spellcasting
  3059 | D:4      | Reached skill level 1 in Hexes
  3059 | D:4      | Reached XP level 7. HP: 2/57 MP: 10/10
  3443 | D:5      | Entered Level 5 of the Dungeon
  3666 | D:4      | Found Qumyant's General Store.
  3670 | D:4      | Noticed Eustachio
  3686 | D:4      | Killed Eustachio
  3701 | D:4      | Reached XP level 8. HP: 41/64 MP: 11/11
  3956 | D:4      | Found a shimmering blue altar of Sif Muna.
  4060 | D:5      | Reached skill level 9 in Axes
  4112 | D:5      | Found a bloodstained altar of Trog.
  4167 | D:5      | HP: 4/96 [poisoned by a scorpion]
  4169 | D:5      | HP: 1/96 [poisoned by a scorpion]
  4170 | D:5      | Succumbed to a scorpion's poison

Illustrated notes

Levels and vault maps discovered:
D:1:      nicolae_arrival_washed_ashore, layout_rooms
D:2:      wander_river, layout_basic, makhleb_altar_promises_db
D:3:      layout_loops_ring, nicolae_tso_swordbearing_angel, first_ration,
          chequers_ecumenical_altar_island
D:4:      layout_rooms, led_sif_pool, serial_shops, shop, minmay_misc_feat_iff,
          uniq_eustachio, uniq_menkaure
D:5:      layout_rooms, lemuel_crystal_altar, uniq_grinder

Skill      XL: |  1  2  3  4  5  6  7  8 |
---------------+-------------------------+-----
Axes           | 3 4 5 7 8 9 |  9.1
Invocations    | 2 4 |  4.0
Spellcasting   | 1 2 |  2.9
Hexes          | 1 3 |  3.8
Fighting       | |  3.6
Armour         | |  3.2
Shields        | |  3.2

Action                   |  1- 3 |  4- 6 |  7- 9 || total
-------------------------+-------+-------+-------++-------
Melee: War axe           |    97 |   129 |   101 ||   327
 Fire: Hunting sling     |       |    13 |     9 ||    22
  Use: Scroll            |       |     8 |     1 ||     9
       Potion            |       |     3 |     3 ||     6
  Eat: Chunk             |     1 |    13 |     1 ||    15
       Ration            |       |       |     1 ||     1
Armor: Scale mail        |    59 |    71 |    61 ||   191
Dodge: Dodged            |    68 |    92 |    44 ||   204
